 Dungeon Crawl Stone Soup version 0.30.2 (webtiles) character file.

Game seed: 12904792483016663596

6 porpoise the Vexing (level 1, -1/15 HPs)
             Began as a Demonspawn Wanderer on Jan 24, 2024.
             Slain by a kobold
             ... wielding a +0 dagger
              (3 damage)
             ... on level 1 of the Dungeon.
             The game lasted 00:00:41 (80 turns).

porpoise the Vexing (Demonspawn Wanderer)             Turns: 80, Time: 00:00:41

Health: -1/15      AC:  6    Str: 12    XL:     1   Next: 75%
Magic:  2/2        EV:  8    Int: 14    God:
Gold:   3          SH:  0    Dex: 11    Spells: 1/2 levels left

rFire   . . .        a - +0 short sword
rCold   . . .        (no shield)
rNeg    . . .        b - +0 scale mail
rPois   .            (no helmet)
rElec   .            (no cloak)
rCorr   .            (no gloves)
SInv    .            (no boots)
Will    .....        (no amulet) Stlth
                     (no ring)
HPRegen 0.22/turn    (no ring)
MPRegen 0.08/turn

%: no passive effects
@: no status effects
A: no striking features
a: no special abilities


You were on level 1 of the Dungeon.
You visited 1 branch of the dungeon, and saw 1 of its levels.

You collected 3 gold pieces.

Inventory:

Hand Weapons
 a - a +0 short sword (weapon)
Armour
 b - a +0 scale mail (worn)
Scrolls
 c - a scroll of teleportation


   Skills:
 + Level 1.3 Fighting
 * Level 2.1 Short Blades
 - Level 1.0 Throwing
 - Level 1.7 Armour
 - Level 1.0 Spellcasting
 - Level 3.0 Hexes


You had one spell level left.
You knew the following spells:

 Your Spells              Type           Power      Damage    Failure   Level
a - Slow                  Hex            36%        N/A       36%         1

Your spell library contained the following spells:

 Spells                   Type           Power      Damage    Failure   Level
 Dazzling Flash           Conj/Hex       8%         N/A       91%         3
 Fulminant Prism          Conj/Hex       2%         3d5       100%        4


Dungeon Overview and Level Annotations

Branches:
Dungeon (1/15)

Altars:


Message History

A frilled lizard comes into view.
The endoplasm attacks as you move away! The endoplasm hits you.
The frilled lizard hisses angrily.
You barely miss the endoplasm. The endoplasm freezes you.
You are frozen.
You hit the endoplasm.
The endoplasm is almost dead.
The endoplasm freezes you.
You are frozen.
* * * LOW HITPOINT WARNING * * *
The frilled lizard unfolds its giant frill.
You hit the endoplasm but do no damage.
The endoplasm is severely wounded.
You hit the endoplasm.
You kill the endoplasm!
Your Short Blades skill increases to level 2!
Unknown command.
You hit the rat.
You kill the rat!
The goblin closely misses you.
You hit the goblin.
The goblin is severely wounded.
The kobold closely misses you. The frilled lizard bites you.
* * * LOW HITPOINT WARNING * * *
The goblin hits you but does no damage.
You hit the goblin.
You kill the goblin!
The kobold barely misses you.
The frilled lizard bites you but does no damage.
You hit the frilled lizard.
The frilled lizard is heavily wounded.
The kobold barely misses you. The frilled lizard barely misses you.
You hit the frilled lizard.
You kill the frilled lizard!
The kobold hits you but does no damage.
You barely miss the kobold. The kobold barely misses you.
You hit the kobold but do no damage. The kobold hits you but does no damage.
You closely miss the kobold. The kobold hits you with a +0 dagger.
You die...

#....... .......
...... ....#####
...#...###
#..#.รท.'.###
#.)#...#...###
#@#...#.#...##
#K#####'##.#.#
#g...#...#...##
8###.#....'......#.#
#.........#...##..###
.#.....#####+#......#
#.....# #..#.#...##
...#...# +.#.##..#.#
.......# ##......##


You could see a hobgoblin and a kobold.

Vanquished Creatures
  2 endoplasms (D:1)
  A goblin (D:1)
  A frilled lizard (D:1)
  2 rats (D:1)
6 creatures vanquished.

Notes
Turn   | Place    | Note
-------+----------+-------------------------------------------
     0 | D:1      | porpoise the Demonspawn Wanderer began the quest for the
                  | Orb.
     0 | D:1      | porpoise set off with the following items: a +0 short
                  | sword, a +0 scale mail, a scroll of teleportation; and the
                  | following spell memorised: Slow; and the following spells
                  | available to memorise: Dazzling Flash, Fulminant Prism.
     0 | D:1      | Reached XP level 1. HP: 15/15 MP: 2/2
    80 | D:1      | Slain by a kobold

Illustrated notes

Levels and vault maps discovered:
D:1:      arrival_zaba_pyramid, layout_loops_corners,
          shapermc_ecumenical_altar_venn, serial_bayou_ford_a

Skill      XL: |  1 |
---------------+----+-----
Short Blades   | 2 |  2.1
Fighting       | |  1.3
Throwing       | |  1.0
Armour         | |  1.7
Spellcasting   | |  1.0
Hexes          | |  3.0

Action                     || total
---------------------------++-------
  Melee: Short sword       ||    20
         Punch             ||     1
 Armour: Scale mail        ||    11
  Dodge: Dodged            ||    12
